 Dungeon Crawl Stone Soup version 0.24.0-35-gdb84b6a5db (webtiles) character file.

Game seed: 7686542944172569271, levelgen mode: deterministic

133 theswoord the Chopper (level 4, -4/33 HPs)
             Began as a Mummy Skald on Nov 20, 2019.
             Slain by an orc
             ... wielding a +0 falchion
              (7 damage)
             ... on level 3 of the Dungeon.
             The game lasted 00:05:22 (3499 turns).

theswoord the Chopper (Mummy Skald)                 Turns: 3499, Time: 00:05:22

Health: -4/33      AC:  5    Str: 14    XL:     4   Next: 94%
Magic:  7/8        EV: 11    Int: 12    God:
Gold:   113        SH:  0    Dex: 12    Spells: 5/8 levels left

rFire    x . .     SeeInvis .   a - +0 hand axe
rCold    + . .     Gourm    .   (no shield)
rNeg     + + +     Faith    .   f - +0 ring mail (curse)
rPois    ∞         Spirit   .   (no helmet)
rElec    .         Reflect  .   (no cloak)
rCorr    .         Harm     .   (no gloves)
MR       .....                  (no boots)
Stlth    +.........             (no amulet)
HPRegen  0.11/turn              (no ring)
MPRegen  0.11/turn              (no ring)

@: singing
A: no food or potions, fire vulnerability, cold resistance 1, negative energy
resistance 3, torment resistance, unbreathing
a: no special abilities


You were on level 3 of the Dungeon.
You were not hungry.

You visited 1 branch of the dungeon, and saw 3 of its levels.

You collected 113 gold pieces.

Inventory:

Hand Weapons
 a - a +0 hand axe (weapon)
Armour
 b - a +0 leather armour
 f - a cursed +0 ring mail (worn)
Jewellery
 d - a +3 ring of dexterity {unknown}
Scrolls
 c - a scroll of identify {unknown}
 e - a scroll of teleportation {unknown}
 g - 2 scrolls of remove curse {unknown}
 h - a scroll of fog {unknown}


   Skills:
 - Level 2.0 Fighting
 * Level 4.0 Axes
 - Level 0.7 Armour
 - Level 1.5 Dodging
 - Level 2.6 Spellcasting
 + Level 2.8 Charms


You had 5 spell levels left.
You knew the following spells:

 Your Spells              Type           Power        Failure   Level  Hunger
a - Infusion              Chrm           #...         17%         1    N/A
b - Song of Slaying       Chrm           #.......     26%         2    N/A

Your spell library contained the following spells:

 Spells                   Type           Power        Failure   Level  Hunger
 Shroud of Golubria       Chrm/Tloc      #.....       41%         2    N/A
 Spectral Weapon          Hex/Chrm       #.......     65%         3    N/A
 Regeneration             Chrm/Necr      Unusable     N/A         3    N/A

Dungeon Overview and Level Annotations

Branches:
Dungeon (3/15)

Altars:
Fedhas
Okawaru
Qazlal
Uskayaw


Innate Abilities, Weirdness & Mutations

You do not eat or drink.
Your flesh is vulnerable to fire.
You are immune to poison.
Your flesh is cold resistant. (rC+)
You are immune to negative energy. (rN+++)
You are immune to unholy pain and torment.
You can survive without breathing.


Message History

The orc is severely wounded.
You hit the orc but do no damage. The orc hits you.
* * * LOW HITPOINT WARNING * * *
Your ring mail prevents you from hitting the orc.
The orc completely misses you.
The orc priest calls down the wrath of Beogh upon you.
Beogh smites you!
* * * LOW HITPOINT WARNING * * *
You hit the orc.
The orc is moderately wounded.
The orc closely misses you.
You hit the orc.
You kill the orc!
You hit the orc.
The orc is almost dead.
The orc closely misses you.
You closely miss the orc.
The orc is almost dead.
The orc hits you with a +0 falchion!
You die...

#.#######
.........
..<
#.#######
#.# .....#
#.# .....#
#o# .....#
#o# .....#
#o# .....#
#o# .....#
#@# .....#
#.# .....#
#.# .....#
#.# .....#
#.# ###..#
#.# #..#
#.# #..#
#.#
#..#######.
#.#


You could see an orc priest and 3 orcs.

Vanquished Creatures
  A gnoll (D:1)
  3 adders (D:2)
  5 oozes
  3 worms
  2 leopard geckos (D:2)
  2 orcs (D:3)
  2 ball pythons (D:2)
  3 giant cockroaches
  13 goblins
  5 hobgoblins (D:2)
  5 bats
  7 frilled lizards
  7 kobolds
  4 rats
62 creatures vanquished.

Notes
Turn   | Place    | Note
-------+----------+-------------------------------------------
     0 | D:1      | theswoord the Mummy Skald began the quest for the Orb.
     0 | D:1      | Reached XP level 1. HP: 16/16 MP: 4/4
   297 | D:1      | Reached skill level 2 in Axes
   361 | D:1      | Reached XP level 2. HP: 12/22 MP: 2/5
   594 | D:1      | Learned a level 2 spell: Song of Slaying
   808 | D:1      | Reached skill level 3 in Axes
   808 | D:1      | Reached XP level 3. HP: 15/27 MP: 0/7
  2019 | D:2      | HP: 1/27 [worm (4)]
  2369 | D:2      | Reached XP level 4. HP: 33/33 MP: 5/8
  2903 | D:2      | Found a hide-covered altar of Uskayaw.
  2903 | D:2      | Found a stormy altar of Qazlal.
  2912 | D:2      | Found a blossoming altar of Fedhas.
  3078 | D:2      | Reached skill level 4 in Axes
  3292 | D:3      | Found an iron altar of Okawaru.
  3499 | D:3      | Slain by an orc

Skill      XL: |  1  2  3  4 |
---------------+-------------+-----
Axes           | 2 3 4 |  4.0
Fighting       | |  2.0
Armour         | |  0.7
Dodging        | |  1.5
Spellcasting   | |  2.6
Charms         | |  2.8

Action                   |  1- 3 |  4- 6 || total
-------------------------+-------+-------++-------
Melee: Hand axe          |   106 |   107 ||   213
 Cast: Infusion          |    12 |    10 ||    22
       Song of Slaying   |     1 |     1 ||     2
 Stab: Sleeping          |     1 |       ||     1
Armor: Leather armour    |    18 |       ||    18
       Ring mail         |       |    29 ||    29
Dodge: Dodged            |    67 |    71 ||   138

Levels and vault maps discovered:
D:1:      lemuel_arrival_river_ford, layout_loops_ring, minmay_domino_4
D:2:      layout_basic, minitemple, grunt_ministairs_6
D:3:      layout_basic, regret_index_temple_of_mockery,
          nicolae_overflow_crystal_walls, first_ration,
          wander_ebering_terrifying_dragon_lair
